BSA
NEW YORK KNIGHTS @ PORTLAND PHILOSPHER KINGS
08/24/2024
 
TOP OF THE 1ST
New York Knights batting - Pitching for Portland Philospher Kings : LHP José Garza
Pitching: LHP José Garza
Batting: RHB Lonnie Anderson 0-0: Ball
1-0: Fly out, F9 (Flyball, 89M)
Batting: RHB Sixto Vélez 0-0: Called Strike
0-1: Ball
1-1: Ball
2-1: Ground out 5-3 (Groundball, 5L)
Batting: LHB Troy Donaldson 0-0: Fly out, F1 (Line Drive, 13)
Top of the 1st over - 0 run(s), 0 hit(s), 0 error(s), 0 left on base; New York 0 - Portland 0
BOTTOM OF THE 1ST
Portland Philospher Kings batting - Pitching for New York Knights : RHP Dale Reese
Pitching: RHP Dale Reese
Batting: LHB Keith Beard 0-0: Called Strike
0-1: Ball
1-1: Foul Ball, location: 2F
1-2: Ball
2-2: Foul Ball, location: 2F
2-2: Foul Ball, location: 2F
2-2: Fly out, F7 (Flyball, 8LM)
Batting: LHB Jeff Daniels 0-0: Foul Ball, location: 2F
0-1: Foul Ball, location: 2F
0-2: Ball
1-2: Ball
2-2: Foul Ball, location: 2F
2-2: SINGLE (Line Drive, 7LS)
Batting: SHB José Alomar 0-0: Ball
1-0: DOUBLE (Line Drive, 3L)
Jeff Daniels to third
Batting: LHB Tom Blake 0-0: Ball
1-0: Foul Ball, location: 2F
1-1: Foul Ball, location: 2F
1-2: Strikes out swinging
Batting: LHB Paul Mullins 0-0: Reached on error, E5 (Groundball, 56)
Jeff Daniels scores
José Alomar to third
Batting: RHB Aaron Scott 0-0: Ball
1-0: Called Strike
1-1: Foul Ball, location: 2F
1-2: Ball
2-2: Fly out, F2 (Popup, 3SF)
Bottom of the 1st over - 1 run(s), 2 hit(s), 1 error(s), 2 left on base; New York 0 - Portland 1
TOP OF THE 2ND
New York Knights batting - Pitching for Portland Philospher Kings : LHP José Garza
Batting: SHB Marvin Harris 0-0: Called Strike
0-1: Ball
1-1: Swinging Strike
1-2: Strikes out swinging
Batting: RHB Cheng-ho Qiao 0-0: Called Strike
0-1: Foul Ball, location: 2F
0-2: Strikes out looking
Batting: RHB Edgardo Gonzáles 0-0: Ball
1-0: Fly out, F8 (Flyball, 8RXD)
Top of the 2nd over - 0 run(s), 0 hit(s), 0 error(s), 0 left on base; New York 0 - Portland 1
BOTTOM OF THE 2ND
Portland Philospher Kings batting - Pitching for New York Knights : RHP Dale Reese
Batting: LHB Bill Bertrand 0-0: Ball
1-0: Ball
2-0: Called Strike
2-1: SINGLE (Groundball, 34D)
Batting: RHB Germán Rosales 0-0: Called Strike
0-1: Ball
1-1: Ball
2-1: Called Strike
2-2: Ball
3-2: Foul Ball, location: 2F
3-2: Ground out 5-3 (Groundball, 5S)
Bill Bertrand to second
Batting: RHB Dani Vázquez 0-0: Ball
1-0: Ball
2-0: Ball
3-0: Called Strike
3-1: Base on Balls
Batting: LHB Keith Beard 0-0: Called Strike
0-1: Ball
1-1: Ball
2-1: Called Strike
2-2: Ball
3-2: SINGLE (Groundball, 4MD)
Bill Bertrand to third
Dani Vázquez to second
Runner from 3rd tries for Home, SAFE, throw made home
Dani Vázquez to third
Keith Beard to second
Batting: LHB Jeff Daniels 0-0: Ball
1-0: Called Strike
1-1: Swinging Strike
1-2: Ball
2-2: 3-RUN HOME RUN (Flyball, 89XD), Distance : 390 ft
Batting: SHB José Alomar 0-0: Ball
1-0: Ball
2-0: Ball
3-0: Called Strike
3-1: Called Strike
3-2: Ground out 4-3 (Groundball, 4)
Batting: LHB Tom Blake 0-0: Ball
1-0: Ball
2-0: Swinging Strike
2-1: SINGLE (Line Drive, 56D)
Batting: LHB Paul Mullins 0-0: Called Strike
Tom Blake steals 2nd base
0-1: Ball
1-1: Foul Ball, location: 2F
1-2: 2-RUN HOME RUN (Flyball, 9D), Distance : 367 ft
Batting: RHB Aaron Scott 0-0: Fly out, F8 (Flyball, 8RM)
Bottom of the 2nd over - 6 run(s), 5 hit(s), 0 error(s), 0 left on base; New York 0 - Portland 7
TOP OF THE 3RD
New York Knights batting - Pitching for Portland Philospher Kings : LHP José Garza
Batting: LHB Pedro Fernández 0-0: Ball
1-0: Foul Ball, location: 2F
1-1: Foul Ball, location: 2F
1-2: Strikes out swinging
Batting: SHB Domingo Martínez 0-0: Ball
1-0: Foul Ball, location: 2F
1-1: Ball
2-1: Ball
3-1: Fly out, F8 (Flyball, 8LS)
Batting: RHB Yasuhiko Sumita 0-0: Ball
1-0: SINGLE (Line Drive, 8LS)
Batting: RHB Lonnie Anderson 0-0: Ball
1-0: Ball
2-0: Called Strike
2-1: Swinging Strike
2-2: Strikes out swinging
Top of the 3rd over - 0 run(s), 1 hit(s), 0 error(s), 1 left on base; New York 0 - Portland 7
BOTTOM OF THE 3RD
Portland Philospher Kings batting - Pitching for New York Knights : RHP Dale Reese
Batting: LHB Bill Bertrand 0-0: Ball
1-0: Foul Ball, location: 2F
1-1: DOUBLE (Line Drive, 3L)
Batting: RHB Germán Rosales 0-0: Ball
1-0: Swinging Strike
1-1: Foul Ball, location: 2F
1-2: Fly out, F7 (Flyball, 7S)
Batting: RHB Dani Vázquez 0-0: Ball
1-0: Foul Ball, location: 2F
1-1: Foul Ball, location: 2F
1-2: Strikes out swinging
Batting: LHB Keith Beard 0-0: Called Strike
0-1: Ball
1-1: Foul Ball, location: 2F
1-2: Ball
2-2: Ground out U3 (Groundball, 3L)
Bottom of the 3rd over - 0 run(s), 1 hit(s), 0 error(s), 1 left on base; New York 0 - Portland 7
TOP OF THE 4TH
New York Knights batting - Pitching for Portland Philospher Kings : LHP José Garza
Batting: RHB Sixto Vélez 0-0: Foul Ball, location: 2F
0-1: Swinging Strike
0-2: Strikes out swinging
Batting: LHB Troy Donaldson 0-0: Called Strike
0-1: Fly out, F9 (Flyball, 89M)
Batting: SHB Marvin Harris 0-0: Fly out, F8 (Flyball, 8LM)
Top of the 4th over - 0 run(s), 0 hit(s), 0 error(s), 0 left on base; New York 0 - Portland 7
BOTTOM OF THE 4TH
Portland Philospher Kings batting - Pitching for New York Knights : RHP Dale Reese
Batting: LHB Jeff Daniels 0-0: Called Strike
0-1: Ball
1-1: Called Strike
1-2: Ball
2-2: Foul Ball, location: 2F
2-2: Strikes out looking
Batting: SHB José Alomar 0-0: Ball
1-0: Ball
2-0: Foul Ball, location: 2F
2-1: Swinging Strike
2-2: Foul Ball, location: 2F
2-2: Ground out 4-3 (Groundball, 4M)
Batting: LHB Tom Blake 0-0: Called Strike
0-1: Ball
1-1: Foul Ball, location: 2F
1-2: Foul Ball, location: 2F
1-2: Ball
2-2: Foul Ball, location: 2F
2-2: Strikes out swinging
Bottom of the 4th over - 0 run(s), 0 hit(s), 0 error(s), 0 left on base; New York 0 - Portland 7
TOP OF THE 5TH
New York Knights batting - Pitching for Portland Philospher Kings : LHP José Garza
Batting: RHB Cheng-ho Qiao 0-0: Called Strike
0-1: Fly out, F4 (Popup, 3DF)
Batting: RHB Edgardo Gonzáles 0-0: Called Strike
0-1: Ball
1-1: Ground out 6-3 (Groundball, 6)
Batting: LHB Pedro Fernández 0-0: Foul Ball, location: 2F
0-1: Ball
1-1: Ball
2-1: Swinging Strike
2-2: Strikes out swinging
Top of the 5th over - 0 run(s), 0 hit(s), 0 error(s), 0 left on base; New York 0 - Portland 7
BOTTOM OF THE 5TH
Portland Philospher Kings batting - Pitching for New York Knights : RHP Dale Reese
Pitching: LHP Vic Watts
Batting: LHB Paul Mullins 0-0: Ball
1-0: Ball
2-0: Foul Ball, location: 2F
2-1: Foul Ball, location: 2F
2-2: Strikes out swinging
Batting: RHB Aaron Scott 0-0: Ball
1-0: Ball
2-0: Ball
3-0: Called Strike
3-1: SINGLE (Groundball, 56D)
Batting: LHB Bill Bertrand 0-0: Called Strike
0-1: Ball
1-1: Foul Ball, location: 2F
1-2: SINGLE (Groundball, 13S) (infield hit)
Aaron Scott to second
Batting: RHB Germán Rosales 0-0: Ball
1-0: Ball
2-0: Ball
3-0: Called Strike
3-1: Called Strike
3-2: Strikes out swinging
Batting: RHB Dani Vázquez 0-0: Ground out 5-3 (Groundball, 56)
Bottom of the 5th over - 0 run(s), 2 hit(s), 0 error(s), 2 left on base; New York 0 - Portland 7
TOP OF THE 6TH
New York Knights batting - Pitching for Portland Philospher Kings : LHP José Garza
Batting: SHB Domingo Martínez 0-0: Swinging Strike
0-1: Foul Ball, location: 2F
0-2: Strikes out swinging
Batting: RHB Yasuhiko Sumita 0-0: Ball
1-0: SOLO HOME RUN (Flyball, 89XD), Distance : 371 ft
Batting: RHB Lonnie Anderson 0-0: Ball
1-0: Ball
2-0: Called Strike
2-1: Swinging Strike
2-2: DOUBLE (Line Drive, 8LD)
Batting: RHB Sixto Vélez 0-0: Ball
1-0: Swinging Strike
1-1: Foul Ball, location: 2F
1-2: SINGLE (Groundball, 56)
Lonnie Anderson to third
Runner from 3rd tries for Home, SAFE, no throw or cutoff
Batting: LHB Troy Donaldson 0-0: Ball
Wild Pitch!
Sixto Vélez to second
1-0: Ground out 4-3 (Groundball, 13)
Sixto Vélez to third
Batting: SHB Marvin Harris 0-0: Ball
1-0: Swinging Strike
1-1: Swinging Strike
1-2: Strikes out swinging
Top of the 6th over - 2 run(s), 3 hit(s), 0 error(s), 1 left on base; New York 2 - Portland 7
BOTTOM OF THE 6TH
Portland Philospher Kings batting - Pitching for New York Knights : LHP Vic Watts
Batting: LHB Keith Beard 0-0: Foul Ball, location: 2F
0-1: Fly out, F9 (Flyball, 9M)
Batting: LHB Jeff Daniels 0-0: Called Strike
0-1: Ball
1-1: Ball
2-1: Foul Ball, location: 2F
2-2: Strikes out swinging
Batting: SHB José Alomar 0-0: Ball
1-0: Ball
2-0: Called Strike
2-1: Called Strike
2-2: Ball
3-2: Ground out 4-3 (Groundball, 4)
Bottom of the 6th over - 0 run(s), 0 hit(s), 0 error(s), 0 left on base; New York 2 - Portland 7
TOP OF THE 7TH
New York Knights batting - Pitching for Portland Philospher Kings : LHP José Garza
Batting: RHB Cheng-ho Qiao 0-0: Called Strike
0-1: Ball
1-1: Fly out, F8 (Line Drive, 8RS)
Batting: RHB Edgardo Gonzáles 0-0: Ball
1-0: Foul Ball, location: 2F
1-1: Ball
2-1: Foul Ball, location: 2F
2-2: Foul Ball, location: 2F
2-2: Strikes out swinging
Batting: LHB Pedro Fernández 0-0: Called Strike
0-1: Ball
1-1: Swinging Strike
1-2: Strikes out swinging
Top of the 7th over - 0 run(s), 0 hit(s), 0 error(s), 0 left on base; New York 2 - Portland 7
BOTTOM OF THE 7TH
Portland Philospher Kings batting - Pitching for New York Knights : LHP Vic Watts
Batting: LHB Tom Blake 0-0: Foul Ball, location: 2F
0-1: Ball
1-1: Swinging Strike
1-2: Foul Ball, location: 2F
1-2: Strikes out swinging
Batting: LHB Paul Mullins 0-0: Called Strike
0-1: Ball
1-1: Ball
2-1: Fly out, F6 (Line Drive, 6)
Batting: RHB Aaron Scott 0-0: Ball
1-0: Foul Ball, location: 2F
1-1: SINGLE (Groundball, 4D)
Batting: LHB Bill Bertrand 0-0: Ball
1-0: Ball
2-0: Foul Ball, location: 2F
2-1: Swinging Strike
2-2: Foul Ball, location: 2F
2-2: Strikes out swinging
Bottom of the 7th over - 0 run(s), 1 hit(s), 0 error(s), 1 left on base; New York 2 - Portland 7
TOP OF THE 8TH
New York Knights batting - Pitching for Portland Philospher Kings : LHP José Garza
Batting: SHB Domingo Martínez 0-0: Ball
1-0: Ball
2-0: Ball
3-0: Base on Balls
Batting: RHB Yasuhiko Sumita 0-0: Ball
1-0: Grounds into double play, 4-6-3 (Groundball, 4)
Batting: RHB Lonnie Anderson 0-0: Ball
1-0: Ground out 6-3 (Groundball, 6)
Top of the 8th over - 0 run(s), 0 hit(s), 0 error(s), 0 left on base; New York 2 - Portland 7
BOTTOM OF THE 8TH
Portland Philospher Kings batting - Pitching for New York Knights : LHP Vic Watts
Pitching: RHP Randy Mailman
Batting: RHB Germán Rosales 0-0: Called Strike
0-1: Ball
1-1: Ball
2-1: Ground out 4-3 (Groundball, 4)
Batting: RHB Dani Vázquez 0-0: Called Strike
0-1: Ground out 1-3 (Groundball, 15S)
Batting: LHB Keith Beard 0-0: Ball
1-0: Ball
2-0: Foul Ball, location: 2F
2-1: Swinging Strike
2-2: Ground out 4-3 (Groundball, 4M)
Bottom of the 8th over - 0 run(s), 0 hit(s), 0 error(s), 0 left on base; New York 2 - Portland 7
TOP OF THE 9TH
New York Knights batting - Pitching for Portland Philospher Kings : LHP José Garza
Batting: RHB Sixto Vélez 0-0: Ball
1-0: Ball
2-0: Fly out, F5 (Line Drive, 5S)
Batting: LHB Troy Donaldson 0-0: Called Strike
0-1: Swinging Strike
0-2: Foul Ball, location: 2F
0-2: Ball
1-2: Ball
2-2: Strikes out looking
Batting: SHB Marvin Harris 0-0: Ball
1-0: Swinging Strike
1-1: Ball
2-1: Swinging Strike
2-2: Strikes out swinging
Top of the 9th over - 0 run(s), 0 hit(s), 0 error(s), 0 left on base; New York 2 - Portland 7
This league is powered by Out of the Park Baseball, the baseball management simulation game for PC, Mac and Linux
Saturday, April 9th, 2016 - OOTP Baseball 16.8 Build 38